AoeStats
← iM 我要打十个

Arena

506188388Analyzed
1v1 RM · 20d ago on Sep 12, 2026· 45m 6s· 2 players
Game mode
Random Map
Map size
Tiny (2 player)
Population
200
Speed
Normal
Resources
Standard
Victory
Conquest
Starting age
Dark Age
Ending age
Imperial Age
RankedLock teamsTeams togetherTeam positionsShared explorationLock speedFull tech treeHidden civsTurbo modeCheats
Victory
Defeat
🇮🇹 Franks · Italy
1024
+16
🇨🇳 Celts · China
1018
-16
iM 我要打十个
4:02 Loom
10:33 Feudal Age
15:39 Castle Age
13:57 Double-Bit Axe
14:30 Horse Collar
16:59 Bow Saw
16:51 Heavy Plow
20:55 Town Watch
22:10 Arson
25:30 Pikeman
29:43 Man-at-Arms
30:08 Gambesons
29:48 Man-at-Arms
30:13 Gambesons
36:43 Imperial Age
36:03 Treadmill Crane
36:43 Ballistics
37:48 Scale Mail Armor
37:41 Fletching
39:07 Chain Mail Armor
41:33 Masonry
41:51 Forging
42:36 Fortified Wall
42:59 Fletching
43:58 Plate Mail Armor
43:12 Long Swordsman
43:58 Halberdier
150490644
10:09 Feudal Age
10:22 Feudal Age
14:52 Castle Age
13:01 Double-Bit Axe
15:27 Wheelbarrow
15:59 Bow Saw
20:15 Stone Mining
22:01 Hand Cart
23:02 Loom
34:32 Imperial Age
33:08 Gold Mining
33:44 Scale Barding Armor
33:50 Forging
33:51 Husbandry
34:37 Cavalier
36:38 Chain Barding Armor
36:54 Iron Casting
37:33 Chemistry
39:23 Chivalry
40:01 Plate Barding Armor
40:27 Blast Furnace
42:58 Paladin
44:04 Conscription
Connection lost

Rejoining the realm…

Still unreachable

The connection could not be restored.

Session expired

The server has moved on; the page needs a fresh start.